 Dungeon Crawl Stone Soup version 0.28.0-43-g3370ac3207 (webtiles) character file.

Game seed: 607014685254748384

4832 boopmooplesden the Cleaver (level 10, -12/86 HPs)
             Began as a Minotaur Fighter on Mar 2, 2022.
             Was an Elder of Okawaru.
             Killed by vampiric draining
             ... invoked by a vampire
              (17 damage)
             ... on level 7 of the Dungeon.
             The game lasted 00:09:41 (8066 turns).

boopmooplesden the Cleaver (Minotaur Fighter)       Turns: 8066, Time: 00:09:42

Health: -12/86     AC: 19    Str: 23    XL:     10   Next: 25%
Magic:  9/9        EV:  7    Int:  5    God:    Okawaru [****..]
Gold:   341        SH:  0    Dex: 12    Spells: 9/9 levels left

rFire   . . .      SeeInvis .   a - +0 war axe
rCold   . . .      Faith    .   c - +0 buckler
rNeg    . . .      Spirit   .   e - +1 plate armour
rPois   .          Reflect  +   (helmet restricted)
rElec   .          Harm     .   o - +0 cloak
rCorr   .          Rampage  .   (no gloves)
Will    .....                   y - +2 pair of boots
Stlth   ..........              j - amulet of reflection
HPRegen 0.24/turn               n - ring of flight
MPRegen 0.11/turn               (no ring)

@: confused, flying
A: horns 2, retaliatory headbutt
a: Renounce Religion, Heroism, Finesse


You were on level 7 of the Dungeon.
You worshipped Okawaru.
Okawaru was greatly pleased with you.
You visited 2 branches of the dungeon, and saw 8 of its levels.
You also visited: Ossuary.

You collected 341 gold pieces.

Inventory:

Hand Weapons
 a - a +0 war axe (weapon)
Missiles
 v - 3 silver boomerangs (quivered)
Armour
 b - a +0 scale mail
 c - a +0 buckler (worn)
 e - a +1 plate armour (worn)
 o - a +0 cloak (worn)
 y - a +2 pair of boots (worn)
Jewellery
 f - an amulet of regeneration
 j - an amulet of reflection (around neck)
 n - a ring of flight (left hand)
Scrolls
 l - a scroll of fear
 q - 6 scrolls of identify
 s - 2 scrolls of amnesia
 t - 4 scrolls of teleportation
 w - 3 scrolls of enchant armour
Potions
 d - 2 potions of might
 g - 2 potions of degeneration {unknown}
 h - 4 potions of resistance {unknown}
 i - 3 potions of berserk rage {unknown}
 k - 2 potions of brilliance
 m - 6 potions of heal wounds
 p - 2 potions of curing {unknown}
 r - a potion of haste {unknown}
 u - a potion of lignification {unknown}


   Skills:
 + Level 7.6 Fighting
 + Level 12.7 Axes
 + Level 9.1 Armour
 + Level 1.6 Dodging
 + Level 0.4 Stealth
 + Level 7.9 Shields
 + Level 0.1 Invocations


You had 9 spell levels left.
You didn't know any spells.
Your spell library contained the following spells:

 Spells                   Type           Power      Damage    Failure   Level
 Gell's Gravitas          Tloc           0%         N/A       100%        3
 Ignite Poison            Fire/Tmut/Pois 0%         N/A       100%        3
 Lesser Beckoning         Tloc           0%         N/A       100%        3
 Mephitic Cloud           Conj/Pois/Air  0%         N/A       100%        3
 Teleport Other           Tloc           0%         N/A       100%        3
 Freezing Cloud           Conj/Ice/Air   0%         6-21      100%        5


Dungeon Overview and Level Annotations

Branches:
Dungeon (7/15)             Temple (1/1) D:4         Ossuary (visited)

Altars:
Ashenzari
Cheibriados
Dithmenos
Elyvilon
Fedhas
Gozag
Hepliaklqana
Kikubaaqudgha
Nemelex Xobeh
Okawaru
Qazlal
Ru
Sif Muna
Trog
Uskayaw
Vehumet
Wu Jian
Yredelemnul
Zin
The Shining One

Annotations:
D:7 1 runed translucent door


Innate Abilities, Weirdness & Mutations

You have a pair of horns on your head.
You reflexively headbutt those who attack you in melee.


Message History

The two-headed ogre hits you but does no damage.
You slash the two-headed ogre!
The two-headed ogre is severely wounded.
You slash the two-headed ogre!
The two-headed ogre is almost dead.
You block the two-headed ogre's attack. x2
You slash the two-headed ogre!
You kill the two-headed ogre!
Okawaru is honoured by your kill.
Your Armour skill increases to level 9!
You slash the vampire!
The vampire is moderately damaged.
You block the vampire's attack. x2
You hit the vampire but do no damage. You headbutt the vampire.
The vampire is heavily damaged.
The vampire hits you but does no damage.
The vampire barely misses you.
You slash the vampire!
The vampire is almost destroyed.
The vampire hits you.
* * * LOW HITPOINT WARNING * * *
You block the vampire's attack.
You barely miss the vampire. Your headbutt misses the vampire.
The vampire is almost destroyed.
The vampire draws life force from you.
* * * LOW HITPOINT WARNING * * *
The vampire is healed by the life force!
You closely miss the vampire. Your headbutt misses the vampire.
The vampire is severely damaged.
The vampire hits you but does no damage.
The vampire bites you!
* * * LOW HITPOINT WARNING * * *
The vampire draws strength from your injuries!
You hit the vampire but do no damage. You headbutt the vampire.
The vampire is severely damaged.
The vampire points at you and mumbles some strange words.
You are confused.
You bump into the translucent stone wall.
The vampire draws life force from you!
You die...

#..### #..).### ##
#####..### ##. #.. #)...###
##..# #.# #).....#######+##
#.# #....##.##..#...#
#.###..#####..#.#...#
#....####..####.##'##
#..#####....####@VZ#
.#####..#..#..######
.##..#..#..#....###
#..#..#..#.#......###
####..#..#.#........###
#####..#..##..........# .#
#.^#####..##........####..#
####
#.#.[####..#......###....
.....
#...#..#####....###...#
#####


You could see a vampire and a centaur skeleton.

Vanquished Creatures
  A two-headed ogre (D:7)
  A kobold demonologist (D:6)
  A slime creature (D:7)
  Sigmund (D:2)
  A shadow (D:5)
  Eustachio (D:5)
  A water moccasin (D:7)
  A sky beast (D:6)
  3 black bears
  An ice beast (D:5)
  2 necrophages
  An ogre (D:5)
  2 centaurs
  3 phantoms (D:5)
  A bullfrog (D:6)
  5 scorpions
  A wyvern skeleton (D:5)
  A water moccasin skeleton (D:5)
  A troll zombie (Ossuary)
  5 wights (D:7)
  3 killer bees (D:7)
  2 bullfrog zombies
  Crazy Yiuf (D:7)
  4 centaur zombies
  2 orc priests
  4 hounds
  3 jellies
  2 centaur skeletons (D:7)
  Terence (D:2)
  3 iguanas
  A scorpion zombie (D:5)
  7 orc wizards
  2 killer bee zombies
  An ogre zombie (Ossuary)
  A hound zombie (D:5)
  7 mummies (Ossuary)
  Robin (D:2)
  7 gnolls
  10 adders
  An adder skeleton (D:5)
  4 adder zombies (Ossuary)
  4 worms (D:2)
  A dart slug (D:1)
  18 orcs
  5 ball pythons
  12 endoplasms
  3 giant cockroaches
  12 goblins
  9 hobgoblins
  3 jackals (D:4)
  7 kobolds
  3 quokkas
  5 bats
  5 frilled lizards
  2 goblin zombies (Ossuary)
  2 hobgoblin zombies (Ossuary)
  9 kobold zombies (Ossuary)
  3 quokka zombies (Ossuary)
  6 rats
  5 rat zombies (Ossuary)
215 creatures vanquished.

Notes
Turn   | Place    | Note
-------+----------+-------------------------------------------
     0 | D:1      | boopmooplesden the Minotaur Fighter began the quest for the
                  | Orb.
     0 | D:1      | Reached XP level 1. HP: 19/19 MP: 0/0
   143 | D:1      | Reached XP level 2. HP: 24/27 MP: 1/1
   721 | D:2      | Reached XP level 3. HP: 13/33 MP: 2/2
   914 | D:2      | Noticed Sigmund
  1034 | D:2      | Noticed Robin
  1063 | D:2      | Killed Robin
  1065 | D:2      | Reached skill level 3 in Axes
  1340 | D:2      | Noticed Terence
  1347 | D:2      | Killed Terence
  1348 | D:2      | Reached XP level 4. HP: 37/41 MP: 3/3
  1500 | D:2      | Reached skill level 4 in Axes
  1704 | D:2      | Reached XP level 5. HP: 40/47 MP: 4/4
  1869 | D:2      | Killed Sigmund
  1870 | D:2      | Reached skill level 5 in Axes
  1870 | D:2      | Reached skill level 5 in Armour
  1870 | D:2      | Reached XP level 6. HP: 53/53 MP: 5/5
  2561 | D:3      | Found a faded altar of an unknown god.
  2816 | D:3      | Reached skill level 6 in Axes
  2945 | D:4      | Found a staircase to the Ecumenical Temple.
  2984 | Temple   | Entered the Ecumenical Temple
  3229 | Temple   | Became a worshipper of Warmaster Okawaru
  3330 | D:4      | Reached skill level 5 in Fighting
  3330 | D:4      | Reached XP level 7. HP: 53/61 MP: 6/6
  3462 | D:4      | Reached skill level 5 in Shields
  3504 | D:4      | Found a sand-covered staircase.
  3509 | Ossuary  | Entered an ossuary
  3617 | Ossuary  | Reached skill level 7 in Axes
  3836 | Ossuary  | Reached * piety under Okawaru
  4935 | D:5      | Entered Level 5 of the Dungeon
  4950 | D:5      | Reached skill level 8 in Axes
  4950 | D:5      | Reached XP level 8. HP: 65/69 MP: 7/7
  4969 | D:5      | Noticed Eustachio
  4981 | D:5      | Killed Eustachio
  5468 | D:5      | Reached skill level 9 in Axes
  5469 | D:5      | Reached ** piety under Okawaru
  5990 | D:5      | Reached skill level 10 in Axes
  5990 | D:5      | Reached skill level 1 in Dodging
  5999 | D:5      | Reached XP level 9. HP: 74/75 MP: 8/8
  6250 | D:5      | Reached *** piety under Okawaru
  6547 | D:6      | Noticed a kobold demonologist
  6568 | D:6      | Noticed a rust devil
  6569 | D:6      | Killed a kobold demonologist
  6570 | D:6      | Reached skill level 11 in Axes
  7450 | D:7      | Found a runed translucent door.
  7451 | D:7      | Noticed Crazy Yiuf
  7461 | D:7      | Killed Crazy Yiuf
  7656 | D:7      | Reached skill level 12 in Axes
  7706 | D:7      | Reached **** piety under Okawaru
  7736 | D:7      | Reached XP level 10. HP: 46/86 MP: 9/9
  8047 | D:7      | Found a runed translucent door.
  8047 | D:7      | Found a runed translucent door.
  8047 | D:7      | Noticed a two-headed ogre
  8059 | D:7      | Killed a two-headed ogre
  8064 | D:7      | HP: 4/86 [vampire (11)]
  8066 | D:7      | Killed from afar by a vampire

Illustrated notes

Levels and vault maps discovered:
D:1:      saegor_arrival_simple_d, layout_basic
D:2:      kennysheep_six_static_rooms, layout_basic, kennysheep_cross_room,
          uniq_robin, uniq_terence, uniq_sigmund
D:3:      layout_loops_ring, shapermc_ecumenical_altar_totnotflames
D:4:      layout_loops_ring, minmay_temple_entry_arrows, enter_ossuary_2,
          minmay_misc_feat_diagonals
D:5:      minmay_razor_zed, layout_basic, chequers_garden, uniq_eustachio
D:6:      layout_cave_pools, eino_curves_03, st_stairs_10
D:7:      minmay_the_grid_triangle_9x9_rhombus_full
          [minmay_the_grid_triangle_9x9_empty,
          minmay_the_grid_triangle_9x9_tough_junction,
          minmay_the_grid_triangle_9x9_sparse_checkered,
          minmay_the_grid_triangle_9x9_odd_lines,
          minmay_the_grid_triangle_9x9_intruding_spiral,
          minmay_the_grid_triangle_9x9_alien,
          minmay_the_grid_triangle_9x9_semitri,
          minmay_the_grid_triangle_9x9_prize_special], layout_rooms,
          uniq_duvessa, uniq_crazy_yiuf_cottage
Temple:   mainiacjoe_temple_starburst

Skill      XL: |  1  2  3  4  5  6  7  8  9 10 |
---------------+-------------------------------+-----
Shields        | 4 5 6 7 |  7.9
Fighting       | 4 5 6 7 |  7.6
Armour         | 4 5 6 7 8 9 |  9.1
Axes           | 3 4 5 6 8 10 12 | 12.7
Dodging        | 1 |  1.6
Stealth        | |  0.4
Invocations    | |  0.1

Action                   |  1- 3 |  4- 6 |  7- 9 | 10-12 || total
-------------------------+-------+-------+-------+-------++-------
Melee: War axe           |    93 |   117 |   355 |    43 ||   608
       Headbutt          |    10 |     9 |    73 |    10 ||   102
Invok: Heroism           |       |       |     1 |     1 ||     2
  Use: Scroll            |     5 |     1 |     6 |       ||    12
       Potion            |       |     1 |       |       ||     1
Armor: Plate armour      |    75 |    97 |   247 |    11 ||   430
Dodge: Dodged            |    19 |    51 |    88 |     6 ||   164
Block: Buckler           |    14 |    35 |   191 |    20 ||   260
       Reflection        |       |     1 |     1 |       ||     2
